 Dungeon Crawl Stone Soup version 0.17-a0-2220-g6fea741 (webtiles) character file.

971 Duffy the Covert (level 7, -3/35 HPs)
             Began as a Spriggan Assassin on Oct 28, 2015.
             Was an Initiate of Cheibriados.
             Slain by a warg (9 damage)
             ... on level 6 of the Dungeon.
             The game lasted 00:09:13 (6028 turns).

Duffy the Covert (Spriggan Assassin)                Turns: 6028, Time: 00:09:14

Health: -3/35      AC:  3    Str: 10    XL:     7   Next: 94%
Magic:  0/8        EV: 28    Int: 13    God:    Cheibriados [......]
Gold:   252        SH:  0    Dex: 19    Spells: 0 memorised, 6 levels left

rFire  . . .     SeeInvis +     a - +2 dagger (venom)
rCold  . . .     Clarity  .     c - +0 robe
rNeg   . . .     SustAt   .     (shield restricted)
rPois  .         Gourm    .     (helmet restricted)
rElec  .         Spirit   +     d - +0 cloak
rCorr  .         Warding  .     (gloves unavailable)
rMut   .         Stasis   .     (boots unavailable)
MR     +....                    s - amulet of guardian spirit
Stlth  ++++++....               (no ring)
                                u - +5 ring of evasion

@: quick, somewhat resistant to hostile enchantments, very stealthy
A: unfitting armour, see invisible, herbivore 3, speed 3, slow metabolism 2
a: Bend Time, Renounce Religion


You were on level 6 of the Dungeon.
You worshipped Cheibriados.
Cheibriados was noncommittal.
You were not hungry.

You visited 2 branches of the dungeon, and saw 8 of its levels.

You collected 252 gold pieces.


Innate Abilities, Weirdness & Mutations

You are tiny and cannot use many weapons and most armour.
You have supernaturally acute eyesight.
You are a herbivore.
You cover ground extremely quickly.
You need consume almost no food.


   Skills:
 + Level 2.1 Fighting
 - Level 5.0 Short Blades
 - Level 2.0 Throwing
 + Level 6.6 Dodging
 * Level 11.4 Stealth


You had 6 spell levels left.
You didn't know any spells.

Inventory:

Hand Weapons
 a - a +2 dagger of venom (weapon)
 b - a +0 blowgun
 x - a +2 dagger
Missiles
 e - 20 poisoned needles
 f - 2 curare-tipped needles
 i - 207 stones (quivered)
 y - a throwing net
Armour
 c - a +0 robe (worn)
 d - a +0 cloak (worn)
 C - a troll hide
Jewellery
 s - an amulet of guardian spirit (around neck)
 u - a +5 ring of evasion (left hand)
Wands
 t - a wand of magic darts (26)
 A - a wand of flame (26)
Scrolls
 h - 2 scrolls of remove curse
 j - a scroll of recharging
 k - 4 scrolls of teleportation
 z - a scroll of fear
 B - a scroll of enchant weapon
Potions
 m - a potion of heal wounds {unknown}
 n - a potion of poison {unknown}
 o - a potion of curing {unknown}
 p - 4 potions of agility
 q - a potion of might {unknown}
 r - a potion of flight {unknown}
 v - a potion of mutation {unknown}
Comestibles
 g - 6 bread rations
 l - 4 fruits

Dungeon Overview and Level Annotations

Branches:
Dungeon (7/15)             Temple (1/1) D:5

Altars:
Ashenzari
Cheibriados
Dithmenos
Elyvilon
Fedhas
Gozag
Kikubaaqudgha
Makhleb
Nemelex Xobeh
Okawaru
Qazlal
Ru
Sif Muna
Trog
Vehumet
Yredelemnul
Zin
The Shining One

Annotations:
D:3 radek's ghost, amateur DECj
D:6 Duffy's ghost, novice OpIE


Message History

The hound zombie completely misses you.
A giant frog comes into view.
The hound zombie completely misses you.
There is a stone staircase leading up here.
The warg completely misses you.
The hound zombie bites you but does no damage.
The warg completely misses you.
You climb upwards.
Level annotation: Duffy's ghost, novice OpIE
Found a club.
There is a stone staircase leading down here.
You hit the warg.
The warg is poisoned.
The warg is lightly wounded.
The warg bites you!!
You closely miss the warg.
The warg is lightly wounded.
The warg closely misses you.
You barely miss the warg.
The warg is lightly wounded.
The warg barely misses you.
You barely miss the warg.
The warg is lightly wounded.
The warg bites you!
You are too injured to fight recklessly!
You are too injured to fight recklessly!
You hit the warg.
The warg is moderately wounded.
The warg closely misses you.
You hit the warg.
The warg is moderately wounded.
The warg completely misses you.
You hit the warg.
The warg is heavily wounded.
The warg bites you!
You die...

.# ## .#
...
.#....
###.#...
#.....##+
#.)......
#.h...##.
#@.......
#.....##.
#######


You could see a warg.

Action                   |  1- 3 |  4- 6 |  7- 9 || total
-------------------------+-------+-------+-------++-------
Melee: Dagger            |   122 |   131 |   133 ||   386
 Fire: Blowgun           |     5 |    23 |    11 ||    39
  Use: Scroll            |       |       |     8 ||     8
 Stab: Sleeping          |    15 |    16 |     6 ||    37
       Distracted        |     1 |     3 |     1 ||     5
  Eat: Fruit             |       |       |     4 ||     4

Notes
Turn   | Place    | Note
--------------------------------------------------------------
     0 | D:1      | Duffy the Spriggan Assassin began the quest for the Orb.
     0 | D:1      | Reached XP level 1. HP: 10/10 MP: 2/2
    42 | D:1      | You fall through a shaft!
    59 | D:2      | Reached skill level 6 in Stealth
   165 | D:1      | Reached XP level 2. HP: 14/14 MP: 3/3
   302 | D:1      | Reached skill level 3 in Short Blades
   838 | D:1      | Reached XP level 3. HP: 9/18 MP: 4/4
  1338 | D:2      | Found a sacrificial altar of Ru.
  1772 | D:2      | Reached skill level 7 in Stealth
  1833 | D:3      | Noticed radek's ghost (amateur DECj)
  1931 | D:3      | Noticed an ogre
  1936 | D:3      | Killed an ogre
  1936 | D:3      | Reached skill level 4 in Short Blades
  1936 | D:3      | Reached XP level 4. HP: 22/22 MP: 5/5
  1936 | D:3      | Reached XP level 5. HP: 25/25 MP: 6/6
  1971 | D:3      | Reached skill level 8 in Stealth
  2363 | D:3      | Reached skill level 5 in Short Blades
  2662 | D:4      | Noticed Robin
  2776 | D:5      | Entered Level 5 of the Dungeon
  2823 | D:5      | Reached skill level 2 in Dodging
  2887 | D:5      | Reached XP level 6. HP: 30/30 MP: 7/7
  2959 | D:5      | Reached skill level 3 in Dodging
  3022 | D:4      | Reached skill level 9 in Stealth
  3031 | D:4      | Reached skill level 4 in Dodging
  3421 | D:5      | Found a staircase to the Ecumenical Temple.
  3454 | Temple   | Entered the Ecumenical Temple
  3551 | Temple   | Became a worshipper of Cheibriados the Contemplative
  4041 | D:5      | Reached skill level 5 in Dodging
  4041 | D:5      | Reached XP level 7. HP: 33/33 MP: 8/8
  4064 | D:4      | Reached skill level 10 in Stealth
  4086 | D:5      | Noticed Blork the orc
  4342 | D:5      | Killed Blork the orc
  4506 | D:4      | Killed Robin
  4937 | D:4      | Reached skill level 6 in Dodging
  5003 | D:4      | Found a burning altar of Makhleb.
  5658 | D:5      | Reached skill level 11 in Stealth
  5737 | D:6      | Noticed Duffy's ghost (novice OpIE)
  5863 | D:7      | Reached skill level 2 in Fighting
  6028 | D:6      | Slain by a warg

Vault maps used:
D:1:      dpeg_arrival_yet_another_circle
D:2:      nicolae_ru_awakened_eye, hex_intersection, dk_vineyard_2
D:3:      serial_bayou_ford_a, minivault_26
D:4:      lightli_temple_of_fire, first_bread, uniq_robin
D:5:      temple_doors_e, hex_medium, uniq_blork_the_orc
D:6:      kennysheep_generic_room_2
D:7:      lemuel_castle_with_subvaults, basic_altar
Temple:   lightli_temple_of_artemis

Vanquished Creatures
  An ogre
  A phantom Blork the orc
  A giant frog
  A crimson imp
  A hound
  An iguana
  2 orc wizards
  2 orc priests
  2 centaur skeletons
  6 worker ants
  A hound zombie Robin
  4 gnolls
  6 adders
  A shadow imp
  2 oozes
  An adder skeleton
  6 giant geckos
  19 orcs
  6 giant cockroaches
  18 goblins
  5 hobgoblins
  15 jackals
  A quokka
  3 ball pythons
  5 bats
  A giant newt
  7 kobolds
  8 rats
129 creatures vanquished.
